 Dungeon Crawl Stone Soup version 0.17-a0-1850-g688e747 (webtiles) character file.

6127 mcbry74 the Whirler (level 11, -4/64 HPs)
             Began as a Halfling Hunter on Sept 18, 2015.
             Was a Follower of the Shining One.
             Slain by a hornet (8 damage)
             ... while paralysed by a hornet
             ... on level 9 of the Dungeon.
             The game lasted 01:31:15 (12463 turns).

mcbry74 the Whirler (Halfling Hunter)              Turns: 12463, Time: 01:31:16

Health: -4/64      AC: 12    Str: 12    XL:     11   Next: 12%
Magic:  5/11       EV:  3    Int: 10    God:    the Shining One [*.....]
Gold:   525        SH:  0    Dex: 23    Spells: 0 memorised, 10 levels left

rFire  . . .     SeeInvis .     a - +5 hunting sling
rCold  . . .     Clarity  .     d - +0 leather armour
rNeg   . . .     SustAt   .     (shield restricted)
rPois  .         Gourm    .     (no helmet)
rElec  .         Spirit   .     g - +2 cloak
rCorr  .         Warding  .     o - +2 pair of gloves
rMut   .         Stasis   .     y - +1 pair of boots
MR     .....                    v - amulet of faith
Stlth  ++........               (no ring)
                                h - +4 ring of dexterity

@: paralysed, lethally poisoned (-4 -> -19), glowing, not resistant to hostile
enchantments, unstealthy
A: breathe flames 2, mutation resistance 1
a: Renounce Religion, Breathe Fire


You were on level 9 of the Dungeon.
You worshipped the Shining One.
The Shining One was aware of your devotion.
You were very hungry.

You visited 2 branches of the dungeon, and saw 10 of its levels.
You also visited: Sewer.

You collected 525 gold pieces.

Inventory:

Hand weapons
 a - a +5 hunting sling (weapon)
 c - a +0 short sword
 t - a +2 dagger of draining
 J - a +2 antimagic short sword
Missiles
 f - 315 stones (quivered)
 B - 6 sling bullets of flame
Armour
 d - a +0 leather armour (worn)
 g - a +2 cloak (worn)
 o - a +2 pair of gloves (worn)
 y - a +1 pair of boots (worn)
Jewellery
 h - a +4 ring of dexterity (left hand)
 v - an amulet of faith (around neck)
Magical devices
 C - a wand of flame (21)
Scrolls
 i - 5 scrolls of remove curse
 m - a scroll of immolation {unknown}
 p - a scroll of blinking {unknown}
 s - a scroll of recharging {unknown}
 x - 6 scrolls of identify
 A - a scroll of teleportation {unknown}
 F - a scroll of amnesia {unknown}
 H - a scroll of summoning {unknown}
 I - a scroll of brand weapon {unknown}
Potions
 b - 2 potions of brilliance
 k - a potion of haste
 n - 2 potions of magic
 q - a potion of curing
 z - a potion of ambrosia
 E - a potion of lignification {unknown}
Miscellaneous
 D - a lamp of fire
Comestibles
 e - 4 bread rations
 j - 3 royal jellies
 l - 2 meat rations
 r - 8 fruits
 G - 4 beef jerkies


   Skills:
 - Level 2.0 Fighting
 * Level 7.7 Short Blades
 + Level 17.0 Slings
 - Level 0.3(10.6) Throwing
 + Level 3.8 Armour
 + Level 5.1 Dodging
 * Level 7.2 Stealth


You had 10 spell levels left.
You didn't know any spells.

Dungeon Overview and Level Annotations

Branches:
Dungeon (9/15)             Temple (1/1) D:7
   Lair: D:8-11         Orc: D:9-12

Altars:
Ashenzari
Cheibriados
Dithmenos
Elyvilon
Fedhas
Gozag
Kikubaaqudgha
Makhleb
Nemelex Xobeh
Okawaru
Qazlal
Ru
Sif Muna
Trog
Vehumet
Xom
Yredelemnul
Zin
The Shining One

Shops:
D:6 }}!=


Innate Abilities, Weirdness & Mutations

You are small and have problems with some larger weapons.
You are somewhat resistant to further mutation.
You can breathe fire.


Message History

The hornet is severely wounded.
You feel sick. The hornet stings you!
You are more poisoned.
You suddenly lose the ability to move!
The orc warrior hits you from afar with a glaive.
* * * LOW HITPOINT WARNING * * *
* * * LOW HITPOINT WARNING * * *
You feel sick.
The hornet stings you but does no damage.
The hornet barely misses you.
* * * LOW HITPOINT WARNING * * *
You feel sick.
The orc warrior hits you from afar with a glaive!
* * * LOW HITPOINT WARNING * * *
The hornet stings you but does no damage.
* * * LOW HITPOINT WARNING * * *
You feel sick.
The hornet stings you but does no damage.
The orc warrior completely misses you. The hornet stings you!
You die...

#.......#
#.......#
+....####
######...##
........## ###
.###....# !..
+....## #.# #
####.##%##.##.##.#
#.##...@yo(((.(
#.##.##.##.##.#
####.# ##.##
#....# #...#
#....#####.####
.+#....##.##.##.#
....(...'))......#
......(.##.##.##.#
........#####.####


You could see a hornet and an orc warrior.

Vanquished Creatures
  Pikel (D:7)
  A cyclops (D:9)
  Sigmund (D:6)
  A wyvern (D:8)
  Menkaure (D:4)
  2 hippogriffs
  Edmund (D:5)
  A mottled dragon (D:6)
  2 ice beasts
  Duvessa (D:7)
  An orc warrior (D:7)
  2 eyes of draining (D:8)
  A slave (D:7)
  5 ogres
  3 black bears
  A centaur (D:5)
  2 sky beasts
  4 phantoms
  8 giant frogs
  4 big kobolds (Sewer)
  Dowan (D:7)
  A water moccasin zombie (D:8)
  2 scorpions
  5 killer bees
  A giant frog zombie (D:9)
  6 hounds
  4 crimson imps
  9 orc wizards
  Crazy Yiuf (D:4)
  An orc priest (D:5)
  2 iguanas
  11 worker ants
  A worker ant zombie (D:6)
  9 adders
  3 gnolls (D:6)
  2 river rats (Sewer)
  An ooze (D:2)
  3 adder skeletons
  3 adder zombies (D:5)
  5 worms
  7 giant geckos
  15 orcs
  2 ball pythons
  4 giant cockroaches
  6 hobgoblins
  11 kobolds
  7 bats
  A giant gecko skeleton (D:9)
  6 giant newts
  5 goblins
  16 jackals
  4 quokkas
  2 quokka zombies
  14 rats
214 creatures vanquished.

Vanquished Creatures (others)
  A killer bee zombie (D:7)
  2 plants (D:7)
3 creatures vanquished.

Grand Total: 217 creatures vanquished

Notes
Turn   | Place    | Note
--------------------------------------------------------------
     0 | D:1      | mcbry74 the Halfling Hunter began the quest for the Orb.
     0 | D:1      | Reached XP level 1. HP: 14/14 MP: 1/1
   312 | D:1      | Reached skill level 6 in Slings
   494 | D:1      | Reached XP level 2. HP: 19/19 MP: 2/2
   996 | D:2      | Reached XP level 3. HP: 24/24 MP: 3/3
  1039 | D:2      | Reached skill level 7 in Slings
  1258 | D:2      | Reached XP level 4. HP: 25/29 MP: 4/4
  1324 | D:2      | Reached skill level 1 in Armour
  1596 | D:2      | Found a stormy altar of Qazlal.
  1813 | D:2      | Reached skill level 1 in Short Blades
  2233 | D:3      | Reached XP level 5. HP: 34/34 MP: 5/5
  2374 | D:3      | Reached skill level 8 in Slings
  3424 | D:4      | Reached XP level 6. HP: 12/39 MP: 6/6
  3705 | D:4      | Reached skill level 9 in Slings
  3913 | D:4      | Found a glowing drain.
  3919 | Sewer    | Entered a sewer
  4028 | Sewer    | Reached skill level 10 in Slings
  4028 | Sewer    | Reached XP level 7. HP: 40/45 MP: 7/7
  5001 | D:4      | Noticed a phantom
  5056 | D:4      | Noticed Crazy Yiuf
  5064 | D:4      | Killed Crazy Yiuf
  5109 | D:4      | Noticed Menkaure
  5163 | D:4      | Killed Menkaure
  5163 | D:4      | Reached skill level 11 in Slings
  5163 | D:4      | Reached XP level 8. HP: 42/50 MP: 8/8
  5488 | D:4      | Noticed a phantom
  5495 | D:4      | Killed a phantom
  5793 | D:4      | Killed a phantom
  5793 | D:4      | Reached skill level 12 in Slings
  5994 | D:5      | Entered Level 5 of the Dungeon
  6410 | D:5      | Reached XP level 9. HP: 54/54 MP: 9/9
  6451 | D:5      | Noticed Edmund
  6473 | D:5      | Killed Edmund
  6603 | D:5      | Reached skill level 13 in Slings
  6614 | D:5      | Reached skill level 5 in Short Blades
  7645 | D:6      | Found Xokaschoz's Distillery.
  7689 | D:6      | Found Yvoefeank's Jewellery Shoppe.
  7720 | D:6      | Found a snail-covered altar of Cheibriados.
  7729 | D:6      | Found Pisuloeje's Assorted Antiques.
  7750 | D:6      | Found a sacrificial altar of Ru.
  7825 | D:6      | Found Yloe's Gadget Shop.
  7890 | D:6      | Found Antewnyc's Gadget Shoppe.
  7895 | D:6      | Noticed Sigmund
  7909 | D:6      | Killed Sigmund
  7909 | D:6      | Reached skill level 14 in Slings
  8022 | D:6      | Found an opulent altar of Gozag.
  8044 | D:6      | Gained mutation: You can breathe flames. [mutagenic meat]
  8045 | D:6      | Gained mutation: You can breathe fire. [mutagenic meat]
  8123 | D:6      | Found a sparkling altar of Nemelex Xobeh.
  8140 | D:6      | Found an ancient bone altar of Kikubaaqudgha.
  8309 | D:6      | Reached skill level 5 in Stealth
  8611 | D:7      | Noticed Dowan
  8626 | D:7      | Noticed Duvessa
  8642 | D:7      | Killed Duvessa
  8642 | D:7      | Reached XP level 10. HP: 31/60 MP: 10/10
  8663 | D:7      | Killed Dowan
  8742 | D:7      | Reached skill level 15 in Slings
  8845 | D:7      | Found a staircase to the Ecumenical Temple.
  8856 | Temple   | Entered the Ecumenical Temple
  9013 | Temple   | Became a worshipper of the Shining One
  9789 | D:7      | Noticed Pikel
  9853 | D:7      | Killed Pikel
 10476 | D:8      | Reached skill level 16 in Slings
 10827 | D:8      | Found a blossoming altar of Fedhas.
 11772 | D:8      | Found a bloodstained altar of Trog.
 12182 | D:9      | Acquired the Shining One's first power
 12204 | D:9      | Reached skill level 5 in Dodging
 12236 | D:9      | Reached XP level 11. HP: 64/64 MP: 11/11
 12252 | D:9      | Noticed a cyclops
 12265 | D:9      | Killed a cyclops
 12443 | D:9      | Noticed a hornet
 12447 | D:9      | Reached skill level 17 in Slings
 12460 | D:9      | Paralysed by a hornet for 3 turns
 12463 | D:9      | Slain by a hornet

Vault maps used:
D:1:      lemuel_arrival_cross
D:2:      nicolae_overflow_crystal_walls
D:4:      lightli_sewer_entry_pipes, first_bread, uniq_menkaure,
          uniq_crazy_yiuf_cottage
D:5:      black_bear_nest_1, uniq_edmund
D:6:      nicolae_overflow_quartered_altars, grunt_gozag_breadcrumbs,
          serial_shops, shop, shop, shop, nicolae_shop_overgrown_old_shop,
          nicolae_shop_temple_entry_statues_fountains, grunt_ministairs_6,
          minmay_three_doors, uniq_sigmund
D:7:      minmay_temple_entry_overgrown, grunt_ogre_cave, grunt_ministairs_1,
          uniq_duvessa, uniq_pikel
D:8:      kennysheep_little_box, minmay_crystal_water, trog_eyes_of_draining
D:9:      hangedman_cross_veins, minmay_lair_entry_lava, serial_column_ruins,
          column_ruins_square_large, column_ruins_hut_ruined,
          column_ruins_columns_T, column_ruins_open_small_water,
          column_ruins_open_tiny, column_ruins_columns_T,
          column_ruins_open_tiny, column_ruins_open_medium
Temple:   jpeg_temple_clearing_12
Sewer:    sewer_kobold_necro_badplayer

Action                   |  1- 3 |  4- 6 |  7- 9 | 10-12 || total
-------------------------+-------+-------+-------+-------++-------
Melee: Short sword       |    11 |    54 |    71 |   108 ||   244
       Dagger            |       |    58 |    47 |     3 ||   108
 Fire: Hunting sling     |    53 |   118 |   276 |   279 ||   726
Throw: Stone             |       |       |     9 |    15 ||    24
 Abil: Breathe Fire      |       |       |       |     1 ||     1
  Use: Scroll            |     4 |     2 |    10 |     3 ||    19
       Potion            |       |     3 |    11 |     4 ||    18
  Eat: Chunk             |     1 |     9 |    11 |     7 ||    28
       Pizza             |       |       |     1 |       ||     1
       Bread ration      |       |       |     1 |       ||     1
       Beef jerky        |       |       |       |     2 ||     2
       Fruit             |       |       |       |     1 ||     1
